 Dungeon Crawl Stone Soup version 0.21.1-1-g345015fe64 (webtiles) character file.

6057 Ivernyr the Thrower (level 11, -12/72 HPs)
             Began as a Human Skald on June 7, 2018.
             Was an Elder of Okawaru.
             Mangled by a gargoyle
             ... wielding a +0 mace
              (18 damage)
             ... on level 9 of the Dungeon.
             The game lasted 00:51:32 (13151 turns).

Ivernyr the Thrower (Human Skald)                  Turns: 13151, Time: 00:51:33

Health: -12/72     AC: 11    Str: 11    XL:     11   Next: 11%
Magic:  15/15      EV: 11    Int: 14    God:    Okawaru [****..]
Gold:   515        SH:  0    Dex: 16    Spells: 9/14 levels left

rFire    . . .     SeeInvis +   a - +0 scimitar
rCold    . . .     Gourm    .   (no shield)
rNeg     . . .     Faith    .   b - +0 ring mail
rPois    .         Spirit   .   h - +0 helmet
rElec    .         Reflect  .   y - +0 cloak
rCorr    .         Harm     .   (no gloves)
MR       .....                  (no boots)
Stlth    +.........             (no amulet)
HPRegen  0.22/turn              f - ring of see invisible
MPRegen  0.14/turn              L - +2 ring of protection

@: about to teleport
A: no striking features
a: Heroism, Renounce Religion


You were on level 9 of the Dungeon.
You worshipped Okawaru.
Okawaru was greatly pleased with you.
You were not hungry.

You visited 1 branch of the dungeon, and saw 10 of its levels.

You collected 539 gold pieces.
You spent 24 gold pieces at shops.

Inventory:

Hand Weapons
 a - a +0 scimitar (weapon)
 w - a +0 blowgun
Missiles
 E - 7 poisoned needles
 I - 4 tomahawks (quivered)
Armour
 b - a +0 ring mail (worn)
 h - a +0 helmet (worn)
 y - a +0 cloak (worn)
Jewellery
 f - a ring of see invisible (left hand)
 v - an uncursed ring of resist corrosion
 L - a +2 ring of protection (right hand)
Wands
 p - a wand of paralysis (8)
 r - a wand of iceblast (10)
 F - a wand of digging (13)
 G - a wand of polymorph (16)
 J - a wand of disintegration (14)
Scrolls
 e - 2 scrolls of noise
 g - a scroll of fog
 i - 3 scrolls of amnesia
 m - a scroll of identify
 n - 5 scrolls of remove curse
 o - a scroll of enchant armour {unknown}
 s - a scroll of random uselessness {unknown}
 t - a scroll of teleportation
 x - a scroll of immolation {unknown}
 B - 2 scrolls of fear {unknown}
 C - 2 scrolls of magic mapping
 H - a scroll of torment {unknown}
Potions
 j - 3 potions of flight
 k - 4 potions of curing
 l - 2 potions of brilliance {unknown}
 q - 2 potions of lignification
 u - a potion of magic
 z - a potion of heal wounds {unknown}
 A - a potion of mutation {unknown}
 D - a potion of agility {unknown}
Books
 c - a book of Battle

   Spells                             Type                      Level
   a - Infusion                       Charms                       1
   b - Shroud of Golubria             Charms/Translocation         2
   c - Song of Slaying                Charms                       2
   d - Spectral Weapon                Hexes/Charms                 3
   e - Regeneration                   Charms/Necromancy            3
Comestibles
 d - 18 rations


   Skills:
 - Level 2.0 Fighting
 - Level 2.0 Long Blades
 * Level 10.1 Throwing
 + Level 7.2 Armour
 - Level 2.0 Dodging
 - Level 2.0 Spellcasting
 + Level 8.9 Charms
 + Level 6.1 Invocations


You had 9 spell levels left.
You knew the following spells:

 Your Spells              Type           Power        Failure   Level  Hunger
a - Shroud of Golubria    Chrm/Tloc      ##........   12%         2    ###....
b - Song of Slaying       Chrm           ####....     1%          2    ###....
c - Infusion              Chrm           ####         1%          1    ##.....


Dungeon Overview and Level Annotations

Branches:
Dungeon (10/15)            Temple (0/1) D:5
   Lair: D:8-11         Orc: D:9-12

Altars:
Ashenzari
Gozag
Nemelex Xobeh
Okawaru
Qazlal
Uskayaw

Shops:
D:5 ?

Annotations:
D:7 strelocc's ghost, novice OpFi


Message History

A crocodile comes into view.
The bullfrog hits you but does no damage.
A porcupine comes into view.
The bullfrog hits you. The bullfrog hits you.
* * * LOW HITPOINT WARNING * * *
There is a stone staircase leading up here.
Unknown command.
The bullfrog hits you but does no damage.
The gargoyle hits you with a mace!
* * * LOW HITPOINT WARNING * * *
The bullfrog hits you but does no damage.
You climb upwards.
There is a stone staircase leading down here.
Unknown command.
As you read the scroll of teleportation, it crumbles to dust.
You feel strangely unstable. The bullfrog hits you.
* * * LOW HITPOINT WARNING * * *
The gargoyle hits you with a mace!!
You die...

#....## #.#### ###.# #...#
###.#.### ######...#...##
.......#####..# ##########
######...#....#####........#
##..#..#..F@9.......#.#
#.....#.#####.##...#.##
#.....#.# #.........# ###
#....##.# #.........# ..#
#.......# #.........# #.#
####.#### ####...#### ..#
##'## ####...# .## ##...##
#......# .# ##.....##
#.###..#


You could see a gargoyle and a bullfrog.

Vanquished Creatures
  3 two-headed ogres
  Maurice (D:8)
  A komodo dragon (D:9)
  Prince Ribbit (D:8)
  A hippogriff (D:6)
  Sigmund (D:2)
  A porcupine (D:10)
  2 sky beasts
  An ice beast (D:6)
  A phantom (D:5)
  4 ogres
  2 centaurs
  A wolf (D:10)
  A crocodile (D:10)
  A big kobold (D:9)
  3 bullfrogs
  A wyvern zombie (D:9)
  3 scorpions
  4 killer bees (D:8)
  2 crimson imps (D:6)
  3 jellies (D:8)
  2 bullfrog zombies
  A centaur zombie (D:5)
  4 hounds
  5 orc wizards
  2 orc priests
  A bullfrog skeleton (D:6)
  Jessica (D:2)
  Natasha (thrice) (D:4)
  5 iguanas
  7 worker ants
  A hound skeleton (D:4)
  2 gnolls (D:5)
  10 adders
  A shadow imp (D:7)
  7 oozes
  An adder skeleton (D:5)
  2 worms
  2 dart slugs
  3 leopard geckos
  17 orcs
  8 bats
  5 giant cockroaches
  8 goblins
  9 hobgoblins
  2 jackals (D:1)
  4 quokkas
  2 ball pythons (D:1)
  7 frilled lizards
  A jackal skeleton (D:9)
  15 kobolds
  A leopard gecko zombie (D:5)
  6 rats
  A plant (D:4)
184 creatures vanquished.

Vanquished Creatures (others)
  2 fungi (D:10)
  2 plants
4 creatures vanquished.

Grand Total: 188 creatures vanquished

Notes
Turn   | Place    | Note
-------+----------+-------------------------------------------
     0 | D:1      | Ivernyr the Human Skald began the quest for the Orb.
     0 | D:1      | Reached XP level 1. HP: 16/16 MP: 3/3
    58 | D:1      | Reached XP level 2. HP: 20/22 MP: 5/5
    66 | D:1      | Learned a level 2 spell: Song of Slaying
    76 | D:1      | Reached skill level 1 in Throwing
    83 | D:1      | Learned a level 2 spell: Shroud of Golubria
   368 | D:1      | Reached XP level 3. HP: 27/27 MP: 6/6
   950 | D:2      | Noticed Sigmund
  1552 | D:2      | Reached XP level 4. HP: 33/33 MP: 7/7
  1719 | D:2      | Killed Sigmund
  1719 | D:2      | Reached skill level 3 in Throwing
  1719 | D:2      | Reached XP level 5. HP: 12/38 MP: 3/8
  1971 | D:2      | Noticed Jessica
  1977 | D:2      | Killed Jessica
  1977 | D:2      | Reached XP level 6. HP: 21/44 MP: 2/9
  3573 | D:4      | Reached skill level 5 in Charms
  3745 | D:4      | Noticed Natasha
  3754 | D:4      | Killed Natasha
  3785 | D:4      | Reached skill level 4 in Throwing
  3785 | D:4      | Reached XP level 7. HP: 48/50 MP: 8/10
  4823 | D:4      | Reached skill level 5 in Throwing
  4823 | D:4      | Reached XP level 8. HP: 53/56 MP: 6/11
  4875 | D:4      | Noticed Natasha
  4895 | D:4      | Killed Natasha
  5104 | D:4      | Noticed Natasha
  5116 | D:4      | Killed Natasha
  5375 | D:5      | Entered Level 5 of the Dungeon
  5379 | D:5      | Found a staircase to the Ecumenical Temple.
  6313 | D:5      | Found Hantit's Magic Scroll Shop.
  6375 | D:5      | Bought a scroll of identify for 24 gold pieces
  6529 | D:5      | Found a stormy altar of Qazlal.
  6728 | D:5      | Found an iron altar of Okawaru.
  6736 | D:5      | Became a worshipper of Warmaster Okawaru
  6812 | D:6      | Found an opulent altar of Gozag.
  7263 | D:6      | Found a shattered altar of Ashenzari.
  7423 | D:6      | Reached skill level 6 in Throwing
  7449 | D:6      | Reached skill level 1 in Invocations
  7987 | D:6      | Reached XP level 9. HP: 59/61 MP: 10/12
  8374 | D:7      | Noticed a hippogriff
  8394 | D:6      | Killed a hippogriff
  8394 | D:6      | Reached * piety under Okawaru
  8394 | D:6      | Reached skill level 7 in Throwing
  8394 | D:6      | Reached skill level 5 in Armour
  8825 | D:7      | Found a shattered altar of Ashenzari.
  8825 | D:7      | Found a sparkling altar of Nemelex Xobeh.
  8826 | D:7      | Found an opulent altar of Gozag.
  8944 | D:7      | Found a hide-covered altar of Uskayaw.
  8979 | D:7      | Noticed strelocc's ghost (novice OpFi)
  9702 | D:8      | Noticed a two-headed ogre
 10011 | D:8      | Killed a two-headed ogre
 10011 | D:8      | Reached ** piety under Okawaru
 10011 | D:8      | Reached skill level 8 in Throwing
 10011 | D:8      | Reached XP level 10. HP: 67/67 MP: 13/13
 10327 | D:8      | Reached *** piety under Okawaru
 10377 | D:8      | Noticed Prince Ribbit
 10409 | D:8      | Killed Prince Ribbit
 10736 | D:8      | Noticed Maurice
 10754 | D:8      | Killed Maurice
 10754 | D:8      | Reached skill level 9 in Throwing
 10754 | D:8      | Reached skill level 5 in Invocations
 12130 | D:9      | Noticed a komodo dragon
 12186 | D:9      | Killed a komodo dragon
 12362 | D:9      | Noticed a two-headed ogre
 12669 | D:9      | Killed a two-headed ogre
 12837 | D:10     | Entered Level 10 of the Dungeon
 12906 | D:10     | Reached **** piety under Okawaru
 13096 | D:10     | Noticed a two-headed ogre
 13128 | D:10     | Noticed a gargoyle
 13132 | D:10     | Killed a two-headed ogre
 13132 | D:10     | Received a gift from Okawaru
 13132 | D:10     | Reached skill level 10 in Throwing
 13132 | D:10     | Reached XP level 11. HP: 33/72 MP: 15/15
 13151 | D:9      | Mangled by a gargoyle

Skill      XL: |  1  2  3  4  5  6  7  8  9 10 |
---------------+-------------------------------+-----
Throwing       | 1 3 4 5 6 8 10 | 10.1
Armour         | 2 3 4 5 7 |  7.2
Charms         | 4 5 7 8 |  8.9
Invocations    | 1 4 6 |  6.1
Fighting       | |  2.0
Long Blades    | |  2.0
Dodging        | |  2.0
Spellcasting   | |  2.0

Action                   |  1- 3 |  4- 6 |  7- 9 | 10-12 || total
-------------------------+-------+-------+-------+-------++-------
Melee: Falchion          |   122 |   154 |   301 |       ||   577
       Scimitar          |       |       |   176 |   171 ||   347
 Fire: Blowgun           |       |    13 |    93 |    50 ||   156
Throw: Tomahawk          |       |       |       |     5 ||     5
 Cast: Shroud of Golubri |     5 |    16 |    49 |    21 ||    91
       Song of Slaying   |       |       |     2 |     1 ||     3
Invok: Heroism           |       |       |       |     2 ||     2
  Use: Scroll            |       |       |     9 |     2 ||    11
       Potion            |       |       |     3 |       ||     3
  Eat: Chunk             |     2 |     7 |    17 |     9 ||    35
       Ration            |       |     1 |     2 |     1 ||     4
Armor: Leather armour    |    30 |       |       |       ||    30
       Ring mail         |       |    61 |   192 |    90 ||   343
       Skin              |       |       |     1 |       ||     1
Dodge: Dodged            |    83 |   110 |   281 |   138 ||   612
       Rpst.: Falchion   |    35 |    35 |    36 |       ||   106
       Scimitar          |       |       |    31 |    41 ||    72
